wizbiz, neutral female human Wizard ---------------- ---------- ----------- |..<............########.........| |[[).)?..*| |..............| ###|........| ------ |.(((.?)m@-# -)------------|- # #+(.......| |....-# |!%.+!%[.@|# ############## ### #|........-# #-....|# |"?%...(..|# ## # # #|..{.....|# #|....|# |(..?!.[..|# #### ### ### #----------# #-....|# -----------### ## # # ########## # ###------# # #### ### # # # # # # # ### # # # # ######### # # -.--.- ############################# . # ##-.....####-------|-# ## .| # |....|####|.......-# ..- #### |..^..# |.......| ..| #------- ------ |.......| ---- #-.[_..| |.......| |.....| --------- ------- wizbiz the Conjurer Experience level: 4 Strength: 13 Dexterity: 14 Constitution: 10 Intelligence: 18 Wisdom: 12 Charisma: 8 Health: 0(30) Energy: 15(35) Def: 4 Gold: 0 Moves: 2121 Dungeon seed: gWgigC0WGVGWl6Oz Game ID: wizbiz_1525822499 Your Inventory: Amulets x - an uncursed amulet versus poison (being worn) Weapons a - a blessed +1 quarterstaff (weapon in hands) I - 10 +0 crossbow bolts J - a +0 sling Armor e - an uncursed +0 cloak of magic resistance (being worn) y - an uncursed +0 studded leather armor (being worn) Comestibles o - an uncursed slime mold A - 2 uncursed tins of kobold meat Spellbooks l - a blessed spellbook of force bolt Potions f - an uncursed potion of sickness g - an uncursed potion of gain energy h - a blessed potion of sickness p - an uncursed potion of see invisible r - an uncursed potion of confusion Rings c - an uncursed ring of shock resistance (on left hand) d - an uncursed ring of invisibility z - an uncursed ring of cold resistance Wands b - a wand of speed monster (0:4) u - a wand of light (0:12) B - a wand of digging (0:8) Tools n - an uncursed blindfold H - an uncursed skeleton key L - an uncursed magic whistle Spells and supernatural/magical abilities: Name Level Category Fail Memory a - force bolt 1 attack 0% 90% s - slow monster 2 enchantment 0% 90% W - pray for help -- divine ? -- Your skills at the end: Fighting Skills Weapon Skills quarterstaff [Basic] Spellcasting Skills attack spells [Basic] enchantment spells [Basic] Final Attributes: You were fervently aligned. You were shock resistant. You were poison resistant. You were magic-protected. You aggravated monsters. You were held by a giant mimic. You are dead. Vanquished creatures: a shrieker a gnome lord a paper golem a little dog a kobold lord a giant bat 6 coyotes a hobbit 3 cave spiders 2 yellow molds 4 gnomes a garter snake 3 geckos a jackal 2 kobolds a goblin 6 grid bugs a bat 4 lichens 2 kobold zombies 7 newts 50 creatures vanquished. Genocided species: liches demiliches master liches arch-liches 4 species genocided. Voluntary challenges: You had been an atheist until turn 1923. You used a wielded weapon 47 times, starting on turn 118. You read items or engraved 3 times, starting on turn 1. You genocided 4 types of monsters, starting on turn 1. You never polymorphed an object. You never changed form. You used no wishes. You never split a pudding. You never wrote Elbereth's name. You violated your moral code, losing 14 points of alignment, starting on turn 1865. Dungeon overview: The Dungeons of Doom: levels 1 to 5 Level 1 (vault) a fountain, a sink a long staircase Level 2 a fountain Level 3 a fountain stairs to The Gnomish Mines Level 4 some fountains Level 5 <- You were here a general store, an altar to Thoth, a fountain The Gnomish Mines: Level 4 stairs to The Dungeons of Doom History has recorded: On T:1 you entered the Dungeons of Doom to retrieve the Amulet of Yendor! On T:293 you reached level 2 of The Dungeons of Doom. On T:307 you reached level 4 of The Dungeons of Doom. On T:364 you reached level 5 of The Dungeons of Doom. On T:525 you reached level 3 of The Dungeons of Doom. On T:621 you reached level 1 of The Gnomish Mines. On T:635 you advanced to experience level 2. On T:1086 you advanced to experience level 3. On T:1816 you advanced to experience level 4. Score breakdown: Gold: 0 ( 0 points) Experience: 4 levels ( 9649 points) Exploration: 5 levels ( 10.42%) ( 8751 points) Discoveries: 7 items ( 2.43%) ( 4677 points) Valuables value: (no points given unless you survive) Artifact value: 0 ( 0 points) Variety of kills: 21 monsters ( 5.51%) ( 7043 points) Turncount: 2121 turns ( -87 points) Survival: died (score multiplied by 80%) Total score: 24026 Latest messages: You hit the giant mimic. You hit the giant mimic! The giant mimic hits! (2x) An expensive camera shatters into a thousand pieces! You owe Wonotobo 266 zorkmids for it! The spell hits the giant mimic! The giant mimic resists! A purple-red potion shatters! You owe Wonotobo 133 zorkmids for it! A white potion shatters! You owe Wonotobo 266 zorkmids for it! The spell hits the giant mimic! The spell hits the giant mimic! The spell misses the giant mimic. The giant mimic hits! (2x) You die... Wonotobo takes all your possessions. Final status: Goodbye wizbiz the Wizard, killed by a giant mimic... You died in The Dungeons of Doom on dungeon level 5 with 24026 points, and 0 pieces of gold, after 2121 moves. You were level 4 with a maximum of 30 hit points when you died.